[ PARTIDA AOE2 · #472449123 ]
UnrankedBizantinos vs Wu
[ ANÁLISIS DE REPETICIÓN · EXTRAÍDO DE LA PARTIDA GRABADA ]
Feudal
10:58
Castillos
15:05
Imperial
30:28
| APM promedio | 54.3 |
| APM pico | 109 |
| eAPM promedio | 34.9 |
| Aldeanos / militares | 168 / 164 |
Foco
⚔️ 29.2% · 🌾 70.8%
Cataphract ×145 · Scout Cavalry ×16 · Monk ×3
Feudal
—
Castillos
—
Imperial
—
| APM promedio | 28.3 |
| APM pico | 104 |
| eAPM promedio | 14.2 |
| Aldeanos / militares | 100 / 7 |
Foco
⚔️ 21.1% · 🌾 78.9%
Unknown (1974) ×17 · Battering Ram ×6 · Monk ×1
Feudal
11:38
Castillos
15:44
Imperial
—
| APM promedio | 35.8 |
| APM pico | 72 |
| eAPM promedio | 15.8 |
| Aldeanos / militares | 112 / 52 |
Foco
⚔️ 21.1% · 🌾 78.9%
Knight ×52
Feudal
8:50
Castillos
24:17
Imperial
32:50
| APM promedio | 46.6 |
| APM pico | 97 |
| eAPM promedio | 24.2 |
| Aldeanos / militares | 129 / 124 |
Foco
⚔️ 35.3% · 🌾 64.7%
Spearman ×83 · Archer ×26 · Monk ×13 · Trebuchet (Packed) ×2
Feudal
11:55
Castillos
15:26
Imperial
35:43
| APM promedio | 47.0 |
| APM pico | 94 |
| eAPM promedio | 21.7 |
| Aldeanos / militares | 120 / 65 |
Foco
⚔️ 40.7% · 🌾 59.3%
Gbeto ×65 · Unknown (1105) ×1
Feudal
11:22
Castillos
15:52
Imperial
29:51
| APM promedio | 47.8 |
| APM pico | 101 |
| eAPM promedio | 30.6 |
| Aldeanos / militares | 173 / 155 |
Foco
⚔️ 38.1% · 🌾 61.9%
Hand Cannoneer ×85 · Spearman ×60 · Scout Cavalry ×6 · Monk ×1 · Mangonel ×1 · Hussite Wagon ×1
Feudal
11:01
Castillos
14:44
Imperial
28:45
| APM promedio | 33.5 |
| APM pico | 67 |
| eAPM promedio | 21.6 |
| Aldeanos / militares | 144 / 85 |
Foco
⚔️ 31.5% · 🌾 68.5%
Archer ×52 · Obuch ×17 · Bombard Cannon ×6 · Petard ×3 · Battering Ram ×3 · Mangonel ×2
Feudal
11:46
Castillos
15:18
Imperial
28:13
| APM promedio | 34.3 |
| APM pico | 72 |
| eAPM promedio | 21.3 |
| Aldeanos / militares | 204 / 116 |
Foco
⚔️ 39.9% · 🌾 60.1%
Spearman ×89 · Bombard Cannon ×10 · Skirmisher ×8 · Trebuchet (Packed) ×4 · Monk ×3 · Mangonel ×1
Mapa de la partida
Recursos iniciales + cada clic de construcción. Líneas = muros · curvas = relieve. ◆ oro · ⬟ piedra · ● bayas · ✦ reliquia · ◌ hueco del cierre
Tu base· Abierta — flanco sin cerrar
Base de Dr Janemba· Abierta — flanco sin cerrar
Base de S2. Sheypii· Abierta — flanco sin cerrar
Base de Thundernips, The Ultimate Gigolo
Base de RománMás3
Base de Aldeana Hot· Abierta — flanco sin cerrar
Base de VELEZ Y VINO· Abierta — hueco de 8t
Base de [KOF] Raychu· Abierta — flanco sin cerrar
Terreno inicial suavizado · ◌ = hueco del cierre detectado · pasá el cursor para detalles
Inputs por minuto
— Chechelino - - Dr Janemba
Build order — Chechelino
Primeras 150 de 489 acciones detectadas
| 0:02 | Crear | Villager (Male) ×4 |
| 0:02 | Crear | Villager (Male) ×4 |
| 0:03 | Construir | House |
| 0:04 | Construir | House |
| 1:34 | Crear | Villager (Male) |
| 1:35 | Crear | Villager (Male) |
| 1:45 | Construir | Lumber Camp |
| 2:08 | Crear | Villager (Male) |
| 2:08 | Crear | Villager (Male) |
| 2:18 | Crear | Villager (Male) |
| 2:18 | Crear | Villager (Male) |
| 2:50 | Crear | Villager (Male) |
| 2:50 | Crear | Villager (Male) |
| 3:05 | Crear | Villager (Male) |
| 3:05 | Crear | Villager (Male) |
| 3:35 | Crear | Villager (Male) |
| 3:35 | Crear | Villager (Male) |
| 4:02 | Construir | House |
| 4:03 | Construir | House |
| 4:05 | Crear | Villager (Male) |
| 4:14 | Crear | Villager (Male) |
| 4:14 | Crear | Villager (Male) |
| 4:41 | Crear | Villager (Male) |
| 4:41 | Crear | Villager (Male) |
| 5:10 | Crear | Villager (Male) |
| 5:36 | Crear | Villager (Male) |
| 5:36 | Crear | Villager (Male) |
| 6:05 | Construir | Mill |
| 6:13 | Crear | Villager (Male) |
| 6:30 | Construir | Farm |
| 6:33 | Construir | Farm |
| 6:35 | Crear | Villager (Male) |
| 7:21 | Crear | Villager (Male) |
| 7:38 | Construir | Farm |
| 7:52 | Crear | Villager (Male) |
| 7:54 | Crear | Villager (Male) |
| 8:12 | Construir | Mill |
| 8:27 | Construir | Mining Camp |
| 8:47 | Investigar | Feudal Age |
| 8:48 | Investigar | Feudal Age |
| 9:32 | Construir | Barracks |
| 9:55 | Crear | Villager (Male) |
| 9:56 | Crear | Villager (Male) |
| 10:10 | Construir | House |
| 10:58 | Edad | Edad Feudal |
| 10:59 | Construir | Stable |
| 11:27 | Construir | Market |
| 12:25 | Investigar | Castle Age |
| 12:26 | Investigar | Castle Age |
| 12:50 | Construir | Farm |
| 12:57 | Construir | Farm |
| 13:04 | Crear | Scout Cavalry |
| 13:04 | Crear | Scout Cavalry |
| 13:25 | Construir | Farm |
| 13:48 | Construir | House |
| 13:49 | Construir | House |
| 13:54 | Investigar | Double-Bit Axe |
| 13:55 | Investigar | Horse Collar |
| 13:55 | Investigar | Horse Collar |
| 14:28 | Crear | Scout Cavalry |
| 14:41 | Crear | Villager (Male) |
| 14:53 | Construir | House |
| 15:05 | Edad | Edad de los Castillos |
| 15:06 | Construir | Monastery |
| 15:08 | Crear | Villager (Male) |
| 15:22 | Construir | House |
| 15:23 | Construir | House |
| 15:26 | Construir | House |
| 15:47 | Construir | Town Center |
| 15:55 | Crear | Villager (Male) |
| 15:56 | Crear | Monk |
| 16:05 | Investigar | Light Cavalry (upgrade) |
| 16:16 | Construir | Farm |
| 16:17 | Construir | Farm |
| 16:17 | Crear | Villager (Male) |
| 16:18 | Crear | Villager (Male) |
| 16:37 | Construir | Farm |
| 16:40 | Crear | Villager (Male) |
| 16:50 | Construir | Farm |
| 17:09 | Crear | Villager (Male) |
| 17:09 | Crear | Villager (Male) |
| 17:17 | Crear | Villager (Male) |
| 17:17 | Crear | Villager (Male) |
| 17:17 | Crear | Villager (Male) |
| 17:20 | Construir | Farm |
| 17:26 | Construir | Farm |
| 17:27 | Construir | Farm |
| 17:32 | Construir | Farm |
| 17:39 | Crear | Villager (Male) |
| 17:39 | Crear | Villager (Male) |
| 17:49 | Crear | Villager (Male) |
| 17:49 | Crear | Villager (Male) |
| 18:10 | Crear | Scout Cavalry |
| 18:11 | Crear | Villager (Male) ×2 |
| 18:13 | Construir | Farm |
| 18:17 | Construir | Farm |
| 18:21 | Construir | Farm |
| 18:32 | Crear | Scout Cavalry |
| 18:32 | Crear | Scout Cavalry |
| 18:36 | Construir | Farm |
| 18:41 | Construir | Farm |
| 18:42 | Crear | Villager (Male) |
| 18:59 | Crear | Scout Cavalry |
| 19:07 | Construir | Farm |
| 19:07 | Construir | Farm |
| 19:08 | Crear | Villager (Male) |
| 19:11 | Construir | Farm |
| 19:38 | Crear | Villager (Male) ×3 |
| 19:39 | Crear | Villager (Male) |
| 19:44 | Construir | Farm |
| 19:45 | Construir | Farm |
| 19:46 | Construir | Farm |
| 19:57 | Investigar | Heavy Plow |
| 19:57 | Investigar | Heavy Plow |
| 19:58 | Crear | Villager (Male) |
| 20:03 | Crear | Villager (Male) |
| 20:09 | Crear | Scout Cavalry |
| 20:09 | Crear | Scout Cavalry |
| 20:15 | Crear | Monk |
| 20:27 | Construir | Farm |
| 20:27 | Crear | Villager (Male) |
| 20:31 | Crear | Villager (Male) |
| 20:40 | Crear | Villager (Male) |
| 20:45 | Crear | Villager (Male) |
| 20:45 | Crear | Villager (Male) |
| 20:52 | Crear | Villager (Male) |
| 21:12 | Construir | Town Center |
| 21:21 | Construir | House |
| 21:22 | Construir | House |
| 21:23 | Construir | House |
| 21:25 | Investigar | Loom |
| 21:25 | Investigar | Loom |
| 21:29 | Investigar | Wheelbarrow |
| 21:29 | Investigar | Wheelbarrow |
| 21:29 | Crear | Villager (Male) ×3 |
| 21:42 | Crear | Villager (Male) |
| 21:46 | Construir | Farm |
| 21:48 | Crear | Villager (Male) |
| 21:58 | Construir | Farm |
| 22:08 | Crear | Villager (Male) ×3 |
| 22:16 | Investigar | Fervor |
| 22:21 | Construir | Lumber Camp |
| 22:33 | Investigar | Bow Saw |
| 22:33 | Investigar | Bow Saw |
| 22:35 | Crear | Villager (Male) |
| 22:42 | Crear | Scout Cavalry |
| 22:42 | Crear | Scout Cavalry |
| 22:51 | Investigar | Husbandry |
| 22:51 | Investigar | Husbandry |
| 22:51 | Crear | Villager (Male) |
Build order — Dr Janemba
Primeras 150 de 203 acciones detectadas
| 0:03 | Construir | House |
| 0:05 | Crear | Villager (Male) |
| 0:05 | Crear | Villager (Male) |
| 0:05 | Crear | Villager (Male) |
| 0:06 | Construir | House |
| 0:19 | Crear | Villager (Male) |
| 1:25 | Crear | Villager (Male) |
| 1:26 | Crear | Villager (Male) |
| 2:01 | Crear | Villager (Male) |
| 2:01 | Crear | Villager (Male) |
| 2:27 | Crear | Villager (Male) |
| 2:27 | Crear | Villager (Male) |
| 2:37 | Construir | Lumber Camp |
| 2:48 | Construir | House |
| 2:49 | Construir | House |
| 3:07 | Crear | Villager (Male) |
| 3:07 | Crear | Villager (Male) |
| 3:10 | Crear | Villager (Male) |
| 3:10 | Crear | Villager (Male) |
| 3:11 | Crear | Villager (Male) |
| 3:47 | Crear | Villager (Male) |
| 4:03 | Crear | Villager (Male) |
| 4:30 | Crear | Villager (Male) |
| 4:30 | Crear | Villager (Male) |
| 4:30 | Crear | Villager (Male) |
| 4:30 | Crear | Villager (Male) |
| 4:58 | Construir | Mill |
| 5:05 | Crear | Villager (Male) |
| 5:05 | Crear | Villager (Male) |
| 5:21 | Crear | Villager (Male) |
| 5:58 | Crear | Villager (Male) |
| 5:58 | Crear | Villager (Male) |
| 6:06 | Construir | Mining Camp |
| 6:12 | Crear | Villager (Male) |
| 6:12 | Crear | Villager (Male) |
| 6:12 | Crear | Villager (Male) |
| 6:29 | Crear | Villager (Male) |
| 6:29 | Crear | Villager (Male) |
| 6:29 | Crear | Villager (Male) |
| 6:58 | Construir | Palisade Wall |
| 7:44 | Crear | Villager (Male) |
| 7:50 | Construir | House |
| 8:13 | Investigar | Feudal Age |
| 8:22 | Construir | Farm |
| 9:23 | Crear | Villager (Male) |
| 9:23 | Crear | Villager (Male) |
| 9:23 | Crear | Villager (Male) |
| 9:24 | Crear | Villager (Male) |
| 9:41 | Crear | Villager (Male) |
| 9:41 | Crear | Villager (Male) |
| 10:25 | Construir | Market |
| 10:27 | Construir | Blacksmith |
| 10:51 | Construir | Farm |
| 10:55 | Investigar | Double-Bit Axe |
| 11:14 | Construir | Farm |
| 11:23 | Construir | House |
| 11:35 | Crear | Villager (Male) |
| 11:47 | Construir | Farm |
| 12:10 | Construir | Farm |
| 12:40 | Construir | Farm |
| 12:44 | Investigar | Castle Age |
| 12:51 | Construir | House |
| 13:47 | Crear | Villager (Male) |
| 13:47 | Crear | Villager (Male) |
| 13:48 | Crear | Villager (Male) |
| 13:48 | Crear | Villager (Male) |
| 14:19 | Construir | Farm |
| 14:20 | Construir | Farm |
| 14:21 | Construir | Farm |
| 14:22 | Construir | Farm |
| 14:24 | Investigar | Horse Collar |
| 14:26 | Investigar | Gold Mining |
| 14:51 | Construir | Barracks |
| 15:00 | Investigar | Loom |
| 15:09 | Investigar | Wheelbarrow |
| 15:31 | Construir | Siege Workshop |
| 15:41 | Investigar | Scale Mail Armor |
| 15:47 | Crear | Villager (Male) |
| 15:48 | Crear | Villager (Male) |
| 16:03 | Construir | Barracks |
| 16:06 | Crear | Battering Ram |
| 16:06 | Crear | Battering Ram |
| 16:30 | Investigar | Bow Saw |
| 16:44 | Crear | Battering Ram |
| 17:08 | Crear | Villager (Male) |
| 17:09 | Crear | Villager (Male) |
| 17:16 | Construir | Barracks |
| 17:44 | Crear | Battering Ram |
| 18:03 | Construir | House |
| 18:05 | Construir | House |
| 18:08 | Crear | Unit 1974 |
| 18:09 | Crear | Unit 1974 |
| 18:09 | Crear | Unit 1974 |
| 18:09 | Crear | Unit 1974 |
| 18:14 | Crear | Villager (Male) |
| 18:14 | Crear | Villager (Male) |
| 18:32 | Crear | Battering Ram |
| 18:55 | Crear | Villager (Male) |
| 18:55 | Crear | Villager (Male) |
| 18:56 | Crear | Villager (Male) |
| 19:01 | Crear | Unit 1974 |
| 19:02 | Crear | Unit 1974 |
| 19:13 | Crear | Battering Ram |
| 19:25 | Construir | Barracks |
| 19:29 | Crear | Villager (Male) |
| 19:30 | Crear | Villager (Male) |
| 19:31 | Crear | Villager (Male) |
| 19:31 | Crear | Villager (Male) |
| 19:54 | Investigar | Fletching |
| 19:57 | Investigar | Forging |
| 20:02 | Construir | Farm |
| 20:08 | Crear | Unit 1974 |
| 20:08 | Crear | Unit 1974 |
| 20:08 | Crear | Unit 1974 |
| 20:12 | Construir | House |
| 20:17 | Crear | Unit 1974 |
| 20:17 | Crear | Unit 1974 |
| 20:17 | Crear | Unit 1974 |
| 20:18 | Crear | Unit 1974 |
| 20:41 | Construir | House |
| 20:46 | Crear | Unit 1974 |
| 20:52 | Crear | Unit 1974 |
| 21:00 | Crear | Unit 1974 |
| 21:00 | Crear | Unit 1974 |
| 22:05 | Construir | House |
| 22:07 | Construir | House |
| 22:11 | Construir | Palisade Wall |
| 22:43 | Crear | Villager (Male) |
| 22:43 | Crear | Villager (Male) |
| 22:44 | Crear | Villager (Male) |
| 22:44 | Crear | Villager (Male) |
| 23:08 | Construir | Town Center |
| 23:16 | Construir | House |
| 23:16 | Construir | House |
| 24:24 | Construir | Barracks |
| 24:29 | Construir | Monastery |
| 24:52 | Crear | Villager (Male) |
| 24:52 | Crear | Villager (Male) |
| 24:56 | Construir | House |
| 24:58 | Construir | House |
| 25:39 | Crear | Monk |
| 26:27 | Crear | Villager (Male) |
| 26:27 | Crear | Villager (Male) |
| 26:27 | Crear | Villager (Male) |
| 26:27 | Crear | Villager (Male) |
| 28:01 | Construir | Lumber Camp |
| 29:09 | Construir | Lumber Camp |
| 29:58 | Construir | Town Center |
| 30:40 | Construir | Farm |
| 30:41 | Construir | Farm |
Build order — S2. Sheypii
Primeras 150 de 296 acciones detectadas
| 0:04 | Crear | Villager (Male) |
| 0:04 | Crear | Villager (Male) |
| 0:04 | Crear | Villager (Male) |
| 0:04 | Crear | Villager (Male) |
| 0:06 | Construir | House |
| 0:07 | Construir | House |
| 1:30 | Crear | Villager (Male) |
| 1:30 | Crear | Villager (Male) |
| 2:03 | Construir | Lumber Camp |
| 2:29 | Crear | Villager (Male) |
| 2:30 | Crear | Villager (Male) |
| 2:30 | Crear | Villager (Male) |
| 2:47 | Crear | Villager (Male) |
| 2:47 | Crear | Villager (Male) |
| 3:49 | Crear | Villager (Male) |
| 3:50 | Crear | Villager (Male) |
| 3:50 | Crear | Villager (Male) |
| 4:02 | Construir | Mill |
| 4:18 | Construir | House |
| 4:40 | Construir | House |
| 5:18 | Crear | Villager (Male) |
| 5:18 | Crear | Villager (Male) |
| 5:18 | Crear | Villager (Male) |
| 5:33 | Crear | Villager (Male) |
| 5:33 | Crear | Villager (Male) |
| 5:34 | Crear | Villager (Male) |
| 5:39 | Crear | Villager (Male) |
| 5:39 | Crear | Villager (Male) |
| 6:29 | Crear | Villager (Male) |
| 6:29 | Crear | Villager (Male) |
| 6:30 | Crear | Villager (Male) |
| 6:30 | Crear | Villager (Male) |
| 6:46 | Construir | Farm |
| 6:50 | Construir | Farm |
| 6:54 | Construir | Farm |
| 7:14 | Crear | Villager (Male) |
| 7:15 | Crear | Villager (Male) |
| 8:20 | Construir | Mining Camp |
| 8:25 | Construir | Mining Camp |
| 9:09 | Investigar | Feudal Age |
| 10:27 | Crear | Villager (Male) |
| 10:28 | Crear | Villager (Male) |
| 10:33 | Construir | House |
| 11:23 | Construir | Farm |
| 11:33 | Construir | Farm |
| 11:38 | Edad | Edad Feudal |
| 11:45 | Construir | Market |
| 11:52 | Construir | Blacksmith |
| 11:57 | Construir | Farm |
| 12:00 | Construir | Farm |
| 13:04 | Investigar | Castle Age |
| 13:04 | Investigar | Castle Age |
| 13:13 | Construir | Farm |
| 13:15 | Construir | Farm |
| 13:41 | Construir | Farm |
| 14:12 | Construir | Barracks |
| 14:25 | Crear | Villager (Male) |
| 14:36 | Construir | House |
| 14:47 | Investigar | Double-Bit Axe |
| 15:03 | Construir | Farm |
| 15:07 | Crear | Villager (Male) |
| 15:20 | Construir | House |
| 15:44 | Edad | Edad de los Castillos |
| 16:00 | Construir | Stable |
| 16:06 | Crear | Villager (Male) |
| 16:06 | Crear | Villager (Male) |
| 16:22 | Investigar | Scale Barding Armor |
| 16:37 | Construir | House |
| 16:49 | Construir | Farm |
| 16:54 | Crear | Knight |
| 17:08 | Crear | Knight |
| 17:15 | Crear | Villager (Male) |
| 17:20 | Construir | House |
| 17:29 | Crear | Knight |
| 17:47 | Crear | Knight |
| 17:55 | Crear | Villager (Male) |
| 17:55 | Crear | Villager (Male) |
| 18:19 | Crear | Knight |
| 18:29 | Crear | Knight |
| 18:34 | Crear | Villager (Male) |
| 18:35 | Crear | Villager (Male) |
| 18:39 | Construir | House |
| 18:44 | Construir | Farm |
| 18:46 | Construir | Farm |
| 18:49 | Construir | Farm |
| 18:52 | Construir | Farm |
| 18:54 | Crear | Knight |
| 19:30 | Crear | Villager (Male) |
| 19:30 | Crear | Villager (Male) |
| 19:33 | Crear | Knight |
| 19:48 | Investigar | Husbandry |
| 19:58 | Crear | Villager (Male) |
| 20:02 | Construir | House |
| 20:03 | Construir | House |
| 20:16 | Crear | Knight |
| 20:16 | Crear | Knight |
| 21:00 | Crear | Knight |
| 21:01 | Crear | Knight |
| 21:28 | Investigar | Chain Barding Armor |
| 21:31 | Crear | Villager (Male) |
| 21:31 | Crear | Villager (Male) |
| 22:25 | Crear | Knight |
| 22:25 | Crear | Knight |
| 22:47 | Crear | Knight |
| 22:47 | Crear | Knight |
| 22:48 | Crear | Knight |
| 22:54 | Crear | Knight |
| 22:54 | Crear | Knight |
| 23:06 | Crear | Villager (Male) |
| 23:07 | Crear | Villager (Male) |
| 23:10 | Construir | House |
| 23:15 | Construir | Farm |
| 23:15 | Construir | Farm |
| 23:16 | Construir | Farm |
| 23:16 | Construir | Farm |
| 23:16 | Construir | Farm |
| 23:16 | Construir | Farm |
| 23:17 | Construir | Farm |
| 23:17 | Construir | Farm |
| 23:35 | Construir | Siege Workshop |
| 24:08 | Investigar | Forging |
| 24:24 | Crear | Knight |
| 24:25 | Crear | Villager (Male) |
| 24:25 | Crear | Villager (Male) |
| 24:25 | Crear | Villager (Male) |
| 24:25 | Crear | Villager (Male) |
| 24:30 | Construir | Town Center |
| 24:34 | Construir | Farm |
| 24:39 | Crear | Villager (Male) |
| 24:39 | Crear | Villager (Male) |
| 25:36 | Construir | Mining Camp |
| 25:44 | Crear | Knight |
| 25:44 | Crear | Knight |
| 26:15 | Crear | Knight |
| 26:15 | Crear | Knight |
| 26:17 | Crear | Villager (Male) |
| 26:17 | Crear | Villager (Male) |
| 26:32 | Crear | Villager (Male) |
| 26:33 | Crear | Villager (Male) |
| 26:33 | Crear | Villager (Male) |
| 26:33 | Crear | Villager (Male) |
| 26:38 | Construir | House |
| 26:40 | Construir | House |
| 26:43 | Investigar | Iron Casting |
| 27:11 | Crear | Villager (Male) |
| 27:11 | Crear | Villager (Male) |
| 27:12 | Crear | Villager (Male) |
| 27:15 | Construir | Town Center |
| 27:45 | Crear | Villager (Male) |
| 27:45 | Crear | Villager (Male) |
Build order — Thundernips, The Ultimate Gigolo
Primeras 150 de 418 acciones detectadas
| 0:00 | Crear | Villager (Male) |
| 0:00 | Crear | Villager (Male) |
| 0:02 | Construir | House |
| 0:03 | Construir | House |
| 0:09 | Crear | Villager (Male) |
| 0:26 | Crear | Villager (Male) |
| 1:21 | Crear | Villager (Male) |
| 1:44 | Construir | Lumber Camp |
| 1:54 | Crear | Villager (Male) |
| 2:11 | Crear | Villager (Male) |
| 2:43 | Crear | Villager (Male) |
| 3:07 | Crear | Villager (Male) |
| 3:43 | Crear | Villager (Male) |
| 3:43 | Crear | Villager (Male) |
| 3:52 | Construir | Mill |
| 4:09 | Construir | House |
| 4:10 | Crear | Villager (Male) |
| 4:30 | Crear | Villager (Male) |
| 4:36 | Crear | Villager (Male) |
| 4:36 | Crear | Villager (Male) |
| 5:08 | Crear | Villager (Male) |
| 5:18 | Crear | Villager (Male) |
| 5:44 | Crear | Villager (Male) |
| 6:38 | Investigar | Feudal Age |
| 7:44 | Construir | Barracks |
| 7:57 | Investigar | Loom |
| 8:27 | Construir | Mining Camp |
| 8:35 | Crear | Villager (Male) |
| 8:50 | Edad | Edad Feudal |
| 9:02 | Construir | Archery Range |
| 9:09 | Crear | Villager (Male) |
| 9:43 | Construir | Watch Tower |
| 9:55 | Crear | Villager (Male) |
| 9:58 | Investigar | Double-Bit Axe |
| 10:08 | Crear | Archer |
| 10:08 | Crear | Archer |
| 10:18 | Crear | Villager (Male) |
| 10:34 | Crear | Villager (Male) |
| 10:57 | Crear | Villager (Male) |
| 11:00 | Construir | Blacksmith |
| 11:02 | Construir | House |
| 11:10 | Construir | House |
| 11:19 | Crear | Archer |
| 11:27 | Crear | Archer |
| 11:32 | Crear | Villager (Male) |
| 11:44 | Investigar | Fletching |
| 11:44 | Investigar | Fletching |
| 11:56 | Crear | Villager (Male) |
| 11:58 | Investigar | Horse Collar |
| 12:02 | Construir | Farm |
| 12:11 | Crear | Villager (Male) |
| 12:15 | Construir | House |
| 12:27 | Crear | Villager (Male) |
| 12:28 | Crear | Archer |
| 12:39 | Construir | House |
| 12:53 | Crear | Villager (Male) |
| 13:26 | Crear | Villager (Male) |
| 13:30 | Construir | Mining Camp |
| 13:54 | Crear | Villager (Male) |
| 14:12 | Crear | Villager (Male) |
| 14:21 | Construir | Farm |
| 14:41 | Crear | Villager (Male) |
| 15:10 | Crear | Villager (Male) |
| 15:15 | Construir | Watch Tower |
| 15:18 | Crear | Villager (Male) |
| 15:24 | Construir | Lumber Camp |
| 15:34 | Crear | Villager (Male) |
| 15:41 | Crear | Villager (Male) |
| 16:35 | Crear | Villager (Male) |
| 16:38 | Construir | Farm |
| 16:39 | Construir | Farm |
| 16:43 | Crear | Villager (Male) |
| 16:43 | Crear | Villager (Male) |
| 16:46 | Construir | Farm |
| 16:48 | Construir | Farm |
| 17:05 | Construir | Stone Wall |
| 17:09 | Construir | Stone Wall |
| 17:13 | Construir | Stone Wall |
| 17:15 | Construir | Stone Wall |
| 17:22 | Crear | Villager (Male) |
| 17:23 | Construir | Farm |
| 17:24 | Construir | Farm |
| 18:44 | Construir | Farm |
| 18:45 | Crear | Villager (Male) |
| 19:20 | Crear | Villager (Male) |
| 19:24 | Construir | Farm |
| 19:29 | Construir | Farm |
| 19:30 | Construir | Farm |
| 19:31 | Construir | Farm |
| 19:43 | Crear | Villager (Male) |
| 19:53 | Construir | Watch Tower |
| 19:57 | Construir | Watch Tower |
| 19:58 | Crear | Villager (Male) |
| 20:03 | Construir | Watch Tower |
| 20:05 | Crear | Villager (Male) |
| 20:12 | Construir | Stone Wall |
| 20:17 | Construir | Farm |
| 20:18 | Construir | Farm |
| 20:34 | Construir | House |
| 20:35 | Construir | House |
| 20:35 | Construir | House |
| 20:41 | Construir | Farm |
| 20:54 | Construir | Building 490 |
| 20:58 | Construir | Stone Wall |
| 21:12 | Crear | Villager (Male) |
| 21:34 | Construir | Farm |
| 21:36 | Investigar | Castle Age |
| 21:38 | Construir | Farm |
| 21:48 | Crear | Archer |
| 21:49 | Crear | Archer |
| 21:51 | Crear | Archer |
| 21:55 | Crear | Villager (Male) |
| 22:03 | Construir | Farm |
| 22:04 | Construir | Farm |
| 22:05 | Construir | Farm |
| 22:06 | Construir | Farm |
| 22:09 | Construir | Farm |
| 22:20 | Crear | Archer |
| 22:24 | Construir | Lumber Camp |
| 22:59 | Crear | Archer |
| 22:59 | Crear | Archer |
| 23:00 | Crear | Archer |
| 23:11 | Investigar | Wheelbarrow |
| 23:12 | Construir | Farm |
| 23:19 | Crear | Archer |
| 24:17 | Edad | Edad de los Castillos |
| 24:18 | Construir | Town Center |
| 24:27 | Investigar | Bow Saw |
| 24:28 | Investigar | Heavy Plow |
| 24:39 | Construir | Market |
| 24:54 | Investigar | Crossbowman (upgrade) |
| 25:01 | Construir | Town Center |
| 25:11 | Crear | Villager (Male) |
| 25:13 | Crear | Villager (Male) |
| 25:18 | Construir | University |
| 25:24 | Construir | House |
| 25:24 | Construir | House |
| 25:25 | Construir | House |
| 25:26 | Construir | House |
| 25:27 | Construir | House |
| 25:28 | Construir | House |
| 25:28 | Construir | House |
| 25:29 | Construir | House |
| 25:30 | Construir | House |
| 25:36 | Crear | Villager (Male) |
| 25:40 | Investigar | Hand Cart |
| 25:54 | Crear | Villager (Male) |
| 25:55 | Crear | Villager (Male) |
| 26:02 | Crear | Villager (Male) |
| 26:03 | Crear | Villager (Male) |
Build order — RománMás3
Primeras 150 de 340 acciones detectadas
| 0:01 | Crear | Villager (Male) ×4 |
| 0:02 | Construir | House |
| 0:04 | Construir | House |
| 1:22 | Crear | Villager (Male) |
| 1:22 | Crear | Villager (Male) |
| 1:52 | Construir | Lumber Camp |
| 2:01 | Crear | Villager (Male) |
| 2:21 | Crear | Villager (Male) |
| 2:22 | Crear | Villager (Male) |
| 2:51 | Crear | Villager (Male) |
| 3:18 | Crear | Villager (Male) |
| 3:31 | Crear | Villager (Male) |
| 3:37 | Construir | House |
| 4:06 | Construir | House |
| 4:11 | Crear | Villager (Male) |
| 4:21 | Crear | Villager (Male) |
| 4:44 | Construir | Mill |
| 5:06 | Crear | Villager (Male) |
| 5:06 | Crear | Villager (Male) |
| 5:07 | Crear | Villager (Male) |
| 6:00 | Crear | Villager (Male) |
| 6:00 | Crear | Villager (Male) |
| 6:12 | Construir | Mill |
| 6:20 | Crear | Villager (Male) |
| 6:55 | Crear | Villager (Male) |
| 7:16 | Crear | Villager (Male) |
| 7:33 | Crear | Villager (Male) |
| 7:46 | Construir | House |
| 8:22 | Construir | Farm |
| 8:24 | Construir | Farm |
| 8:26 | Construir | Farm |
| 8:29 | Crear | Villager (Male) |
| 8:34 | Crear | Villager (Male) |
| 9:02 | Investigar | Loom |
| 9:15 | Construir | Mining Camp |
| 9:23 | Investigar | Feudal Age |
| 10:14 | Construir | Palisade Wall |
| 10:17 | Crear | Villager (Male) |
| 10:17 | Crear | Villager (Male) |
| 10:27 | Construir | Palisade Wall |
| 10:28 | Construir | Palisade Wall |
| 10:41 | Construir | Palisade Wall |
| 10:46 | Construir | Palisade Wall |
| 10:57 | Crear | Villager (Male) |
| 11:55 | Edad | Edad Feudal |
| 11:59 | Construir | Market |
| 12:02 | Construir | Blacksmith |
| 12:31 | Construir | Watch Tower |
| 12:46 | Investigar | Castle Age |
| 12:46 | Investigar | Castle Age |
| 13:01 | Construir | Mining Camp |
| 13:26 | Investigar | Fletching |
| 13:32 | Construir | House |
| 13:35 | Construir | House |
| 13:38 | Construir | House |
| 13:40 | Construir | Palisade Wall |
| 13:42 | Construir | House |
| 13:43 | Crear | Villager (Male) |
| 13:45 | Construir | Palisade Wall |
| 14:18 | Construir | Farm |
| 14:18 | Construir | Farm |
| 14:21 | Construir | Farm |
| 14:22 | Investigar | Double-Bit Axe |
| 14:22 | Investigar | Double-Bit Axe |
| 14:47 | Construir | Stone Wall |
| 14:47 | Crear | Villager (Male) |
| 14:50 | Construir | Stone Wall |
| 15:26 | Edad | Edad de los Castillos |
| 15:34 | Investigar | Bow Saw |
| 15:55 | Construir | Farm |
| 15:59 | Crear | Villager (Male) |
| 16:25 | Construir | Farm |
| 16:28 | Crear | Villager (Male) |
| 16:43 | Investigar | Horse Collar |
| 16:56 | Crear | Villager (Male) |
| 17:15 | Construir | Castle |
| 17:19 | Crear | Villager (Male) |
| 17:43 | Construir | Farm |
| 17:47 | Construir | Farm |
| 17:53 | Construir | Farm |
| 17:53 | Crear | Villager (Male) |
| 17:56 | Construir | Farm |
| 17:59 | Construir | House |
| 18:19 | Construir | Farm |
| 18:26 | Crear | Villager (Male) |
| 18:32 | Crear | Villager (Male) |
| 19:04 | Crear | Villager (Male) |
| 19:31 | Crear | Gbeto |
| 19:43 | Construir | Farm |
| 19:49 | Crear | Villager (Male) |
| 19:59 | Crear | Gbeto |
| 20:12 | Crear | Villager (Male) |
| 20:17 | Construir | Siege Workshop |
| 20:33 | Crear | Gbeto |
| 20:36 | Crear | Villager (Male) |
| 20:38 | Construir | Farm |
| 20:42 | Crear | Gbeto |
| 20:52 | Crear | Gbeto |
| 20:55 | Crear | Villager (Male) |
| 21:14 | Crear | Unit 1105 |
| 21:17 | Crear | Gbeto |
| 21:19 | Crear | Villager (Male) |
| 21:21 | Construir | Farm |
| 21:21 | Construir | Farm |
| 21:25 | Construir | Farm |
| 21:28 | Construir | Farm |
| 21:31 | Crear | Villager (Male) |
| 21:39 | Crear | Villager (Male) |
| 21:46 | Crear | Gbeto |
| 21:51 | Crear | Villager (Male) |
| 22:02 | Crear | Gbeto |
| 22:10 | Crear | Villager (Male) |
| 22:12 | Construir | Farm |
| 22:13 | Construir | Farm |
| 22:14 | Construir | Farm |
| 22:14 | Construir | Farm |
| 22:16 | Crear | Gbeto |
| 22:19 | Construir | Lumber Camp |
| 22:30 | Investigar | Forging |
| 22:31 | Investigar | Forging |
| 22:43 | Crear | Gbeto |
| 22:49 | Crear | Villager (Male) |
| 23:01 | Construir | Building 487 |
| 23:02 | Crear | Gbeto |
| 23:10 | Crear | Villager (Male) |
| 23:12 | Construir | Barracks |
| 23:18 | Investigar | Scale Mail Armor |
| 23:18 | Investigar | Scale Mail Armor |
| 23:24 | Crear | Villager (Male) |
| 23:39 | Crear | Villager (Male) |
| 23:51 | Crear | Gbeto |
| 24:12 | Crear | Villager (Male) |
| 24:12 | Crear | Villager (Male) |
| 24:12 | Crear | Villager (Male) |
| 24:17 | Crear | Gbeto |
| 24:18 | Crear | Gbeto |
| 24:54 | Crear | Villager (Male) |
| 24:55 | Crear | Villager (Male) |
| 24:58 | Construir | Town Center |
| 25:14 | Crear | Villager (Male) |
| 25:14 | Crear | Villager (Male) |
| 25:14 | Crear | Villager (Male) |
| 25:36 | Crear | Villager (Male) |
| 25:37 | Investigar | Heavy Plow |
| 25:39 | Investigar | Town Watch |
| 25:46 | Investigar | Wheelbarrow |
| 25:46 | Investigar | Wheelbarrow |
| 25:48 | Crear | Villager (Male) |
| 26:07 | Crear | Villager (Male) |
| 26:11 | Construir | Town Center |
Build order — Aldeana Hot
Primeras 150 de 533 acciones detectadas
| 0:02 | Crear | Villager (Male) |
| 0:02 | Crear | Villager (Male) |
| 0:02 | Crear | Villager (Male) |
| 0:02 | Crear | Villager (Male) |
| 0:03 | Construir | House |
| 0:04 | Construir | House |
| 1:15 | Crear | Villager (Male) |
| 1:41 | Crear | Villager (Male) |
| 1:46 | Construir | Lumber Camp |
| 2:05 | Crear | Villager (Male) |
| 2:26 | Crear | Villager (Male) |
| 2:26 | Crear | Villager (Male) |
| 3:09 | Crear | Villager (Male) |
| 3:18 | Crear | Villager (Male) |
| 3:30 | Construir | House |
| 3:36 | Construir | House |
| 3:37 | Construir | House |
| 3:47 | Crear | Villager (Male) |
| 4:27 | Construir | Mill |
| 4:30 | Crear | Villager (Male) |
| 4:48 | Crear | Villager (Male) |
| 4:48 | Crear | Villager (Male) |
| 5:01 | Crear | Villager (Male) |
| 5:01 | Crear | Villager (Male) |
| 5:16 | Crear | Villager (Male) |
| 5:36 | Construir | Lumber Camp |
| 5:39 | Crear | Villager (Male) |
| 5:39 | Crear | Villager (Male) |
| 6:06 | Crear | Villager (Male) |
| 6:07 | Crear | Villager (Male) |
| 6:07 | Crear | Villager (Male) |
| 6:36 | Crear | Villager (Male) |
| 6:36 | Crear | Villager (Male) |
| 7:08 | Crear | Villager (Male) |
| 7:08 | Crear | Villager (Male) |
| 7:38 | Crear | Villager (Male) |
| 7:38 | Crear | Villager (Male) |
| 8:50 | Construir | Mining Camp |
| 9:06 | Crear | Villager (Male) |
| 9:06 | Crear | Villager (Male) |
| 9:10 | Investigar | Feudal Age |
| 9:10 | Investigar | Feudal Age |
| 11:09 | Construir | Farm |
| 11:10 | Construir | Farm |
| 11:11 | Construir | Farm |
| 11:12 | Construir | Farm |
| 11:15 | Construir | Barracks |
| 11:22 | Edad | Edad Feudal |
| 11:25 | Construir | Market |
| 11:29 | Crear | Villager (Male) |
| 11:29 | Crear | Villager (Male) |
| 11:31 | Crear | Villager (Male) |
| 11:55 | Construir | Farm |
| 11:55 | Construir | Farm |
| 12:05 | Construir | House |
| 12:12 | Construir | Stable |
| 12:45 | Crear | Villager (Male) |
| 13:12 | Investigar | Castle Age |
| 13:12 | Investigar | Castle Age |
| 13:45 | Investigar | Horse Collar |
| 13:46 | Investigar | Horse Collar |
| 14:03 | Construir | Farm |
| 14:05 | Construir | Farm |
| 14:09 | Investigar | Double-Bit Axe |
| 14:09 | Investigar | Double-Bit Axe |
| 14:13 | Construir | Farm |
| 14:40 | Crear | Scout Cavalry |
| 14:40 | Crear | Scout Cavalry |
| 15:14 | Crear | Scout Cavalry |
| 15:18 | Crear | Scout Cavalry |
| 15:18 | Crear | Scout Cavalry |
| 15:39 | Crear | Villager (Male) |
| 15:52 | Edad | Edad de los Castillos |
| 15:56 | Construir | Monastery |
| 15:59 | Construir | Farm |
| 16:01 | Construir | Farm |
| 16:01 | Construir | Farm |
| 16:09 | Construir | Town Center |
| 16:12 | Crear | Villager (Male) |
| 16:13 | Crear | Scout Cavalry |
| 16:27 | Construir | Farm |
| 16:28 | Crear | Villager (Male) |
| 16:42 | Crear | Villager (Male) |
| 16:47 | Investigar | Fervor |
| 17:12 | Investigar | Bow Saw |
| 17:12 | Investigar | Bow Saw |
| 17:13 | Crear | Villager (Male) |
| 17:13 | Crear | Villager (Male) |
| 17:25 | Construir | Farm |
| 17:25 | Construir | Farm |
| 17:26 | Construir | Farm |
| 17:31 | Crear | Villager (Male) |
| 17:31 | Crear | Villager (Male) |
| 17:40 | Construir | Farm |
| 17:40 | Crear | Villager (Male) |
| 17:49 | Crear | Villager (Male) |
| 17:53 | Construir | Farm |
| 18:04 | Crear | Villager (Male) |
| 18:05 | Crear | Villager (Male) |
| 18:09 | Construir | Farm |
| 18:17 | Crear | Villager (Male) |
| 18:27 | Crear | Villager (Male) |
| 18:35 | Crear | Villager (Male) |
| 18:41 | Construir | Town Center |
| 18:46 | Investigar | Light Cavalry (upgrade) |
| 18:47 | Investigar | Light Cavalry (upgrade) |
| 18:50 | Crear | Villager (Male) |
| 18:55 | Construir | Farm |
| 18:56 | Construir | Farm |
| 19:01 | Crear | Villager (Male) |
| 19:05 | Crear | Villager (Male) |
| 19:08 | Construir | Farm |
| 19:10 | Crear | Monk |
| 19:17 | Crear | Villager (Male) |
| 19:18 | Crear | Villager (Male) |
| 19:23 | Crear | Villager (Male) |
| 19:29 | Crear | Villager (Male) |
| 19:30 | Crear | Villager (Male) |
| 19:32 | Construir | Farm |
| 19:34 | Construir | Farm |
| 19:38 | Crear | Villager (Male) |
| 19:38 | Crear | Villager (Male) |
| 19:44 | Crear | Villager (Male) |
| 19:52 | Crear | Villager (Male) |
| 20:03 | Crear | Villager (Male) ×2 |
| 20:03 | Crear | Villager (Male) ×2 |
| 20:08 | Construir | Town Center |
| 20:12 | Crear | Villager (Male) |
| 20:12 | Crear | Villager (Male) |
| 20:18 | Construir | Farm |
| 20:21 | Crear | Villager (Male) |
| 20:32 | Investigar | Heavy Plow |
| 20:34 | Crear | Villager (Male) |
| 20:47 | Construir | House |
| 20:50 | Construir | House |
| 20:51 | Construir | House |
| 20:51 | Crear | Villager (Male) |
| 21:01 | Investigar | Wheelbarrow |
| 21:01 | Investigar | Wheelbarrow |
| 21:02 | Crear | Villager (Male) |
| 21:02 | Crear | Villager (Male) |
| 21:02 | Crear | Villager (Male) |
| 21:05 | Construir | Farm |
| 21:08 | Construir | Farm |
| 21:10 | Crear | Villager (Male) |
| 21:12 | Crear | Villager (Male) |
| 21:12 | Crear | Villager (Male) |
| 21:21 | Crear | Villager (Male) |
| 21:21 | Crear | Villager (Male) |
| 21:30 | Construir | Mining Camp |
Build order — VELEZ Y VINO
Primeras 150 de 329 acciones detectadas
| 0:01 | Crear | Villager (Male) ×4 |
| 0:01 | Crear | Villager (Male) ×4 |
| 0:02 | Construir | House |
| 0:04 | Construir | House |
| 1:28 | Crear | Villager (Male) |
| 1:28 | Crear | Villager (Male) |
| 1:51 | Construir | Lumber Camp |
| 2:04 | Crear | Villager (Male) |
| 2:05 | Crear | Villager (Male) |
| 2:20 | Crear | Villager (Male) |
| 2:20 | Crear | Villager (Male) |
| 2:50 | Crear | Villager (Male) |
| 2:50 | Crear | Villager (Male) |
| 3:13 | Crear | Villager (Male) |
| 3:13 | Crear | Villager (Male) |
| 3:34 | Crear | Villager (Male) |
| 3:35 | Crear | Villager (Male) |
| 3:56 | Construir | Mill |
| 4:02 | Crear | Villager (Male) |
| 4:02 | Crear | Villager (Male) |
| 4:17 | Crear | Villager (Male) |
| 4:17 | Crear | Villager (Male) |
| 4:17 | Crear | Villager (Male) |
| 4:35 | Crear | Villager (Male) |
| 4:35 | Crear | Villager (Male) |
| 5:21 | Crear | Villager (Male) |
| 5:21 | Crear | Villager (Male) |
| 5:21 | Crear | Villager (Male) |
| 5:30 | Crear | Villager (Male) |
| 5:30 | Crear | Villager (Male) |
| 5:47 | Crear | Villager (Male) |
| 5:47 | Crear | Villager (Male) |
| 6:01 | Construir | Mill |
| 6:11 | Crear | Villager (Male) |
| 6:12 | Crear | Villager (Male) |
| 6:12 | Crear | Villager (Male) |
| 6:12 | Crear | Villager (Male) |
| 7:08 | Crear | Villager (Male) |
| 8:10 | Construir | Mining Camp |
| 8:51 | Investigar | Feudal Age |
| 9:58 | Construir | House |
| 10:19 | Construir | Farm |
| 10:22 | Construir | Farm |
| 10:23 | Crear | Villager (Male) |
| 10:23 | Crear | Villager (Male) |
| 11:01 | Edad | Edad Feudal |
| 11:08 | Construir | Market |
| 11:12 | Construir | Blacksmith |
| 11:18 | Investigar | Horse Collar |
| 12:04 | Investigar | Castle Age |
| 12:05 | Investigar | Castle Age |
| 12:09 | Investigar | Loom |
| 12:31 | Construir | Farm |
| 12:46 | Investigar | Double-Bit Axe |
| 13:24 | Construir | Farm |
| 13:42 | Construir | House |
| 13:47 | Crear | Villager (Male) |
| 14:19 | Crear | Villager (Male) |
| 14:35 | Crear | Villager (Male) |
| 14:41 | Construir | Farm |
| 14:42 | Crear | Villager (Male) |
| 14:44 | Edad | Edad de los Castillos |
| 14:50 | Construir | Castle |
| 15:04 | Construir | Castle |
| 15:06 | Construir | Mining Camp |
| 15:11 | Crear | Villager (Male) |
| 15:20 | Investigar | Heavy Plow |
| 15:21 | Investigar | Heavy Plow |
| 15:25 | Investigar | Bow Saw |
| 15:26 | Crear | Villager (Male) |
| 15:39 | Crear | Villager (Male) |
| 15:45 | Construir | Farm |
| 16:02 | Construir | Farm |
| 16:04 | Crear | Villager (Male) |
| 16:31 | Construir | Farm |
| 16:34 | Crear | Villager (Male) |
| 16:45 | Crear | Obuch |
| 16:45 | Crear | Obuch |
| 16:50 | Crear | Villager (Male) |
| 17:07 | Crear | Petard |
| 17:18 | Construir | Farm |
| 17:18 | Construir | Farm |
| 17:18 | Construir | Farm |
| 17:19 | Construir | Farm |
| 17:19 | Construir | Farm |
| 17:19 | Construir | Farm |
| 17:32 | Crear | Obuch |
| 17:42 | Crear | Obuch |
| 17:53 | Construir | Siege Workshop |
| 18:14 | Construir | Siege Workshop |
| 18:26 | Crear | Petard |
| 18:26 | Crear | Petard |
| 18:32 | Crear | Villager (Male) |
| 18:32 | Crear | Villager (Male) |
| 18:41 | Construir | Farm |
| 18:43 | Crear | Villager (Male) |
| 18:54 | Crear | Villager (Male) |
| 19:08 | Crear | Mangonel |
| 19:10 | Crear | Villager (Male) |
| 19:20 | Crear | Villager (Male) |
| 19:42 | Crear | Villager (Male) |
| 20:12 | Crear | Villager (Male) |
| 20:17 | Construir | Town Center |
| 20:40 | Crear | Villager (Male) |
| 20:42 | Crear | Mangonel |
| 21:14 | Crear | Villager (Male) |
| 21:14 | Crear | Villager (Male) |
| 21:15 | Construir | Farm |
| 21:17 | Crear | Villager (Male) |
| 21:45 | Crear | Obuch |
| 21:45 | Crear | Obuch |
| 21:45 | Crear | Obuch |
| 22:11 | Crear | Obuch |
| 22:12 | Crear | Obuch |
| 22:13 | Crear | Villager (Male) |
| 22:13 | Crear | Villager (Male) |
| 22:15 | Crear | Villager (Male) |
| 22:16 | Crear | Villager (Male) |
| 22:16 | Crear | Villager (Male) |
| 22:42 | Construir | Farm |
| 23:02 | Crear | Battering Ram |
| 23:04 | Crear | Battering Ram |
| 23:25 | Crear | Villager (Male) |
| 23:26 | Crear | Villager (Male) |
| 23:29 | Construir | Town Center |
| 23:34 | Investigar | Wheelbarrow |
| 23:40 | Construir | Lumber Camp |
| 23:48 | Crear | Battering Ram |
| 24:35 | Construir | Mill |
| 24:36 | Construir | Farm |
| 24:36 | Construir | Farm |
| 24:36 | Construir | Farm |
| 24:36 | Construir | Farm |
| 24:37 | Construir | Farm |
| 24:37 | Construir | Farm |
| 25:04 | Construir | Farm |
| 25:07 | Construir | Farm |
| 25:10 | Construir | Farm |
| 25:13 | Construir | Farm |
| 25:35 | Investigar | Imperial Age |
| 25:35 | Investigar | Imperial Age |
| 25:37 | Crear | Villager (Male) |
| 25:41 | Construir | University |
| 26:01 | Crear | Villager (Male) |
| 26:01 | Crear | Villager (Male) |
| 26:02 | Crear | Villager (Male) |
| 26:20 | Investigar | Fletching |
| 26:26 | Construir | Farm |
| 26:31 | Construir | Barracks |
| 26:32 | Construir | House |
Build order — [KOF] Raychu
Primeras 150 de 360 acciones detectadas
| 0:01 | Crear | Villager (Male) ×4 |
| 0:02 | Construir | House |
| 0:03 | Construir | House |
| 1:37 | Crear | Villager (Male) |
| 1:46 | Construir | Lumber Camp |
| 1:58 | Crear | Villager (Male) |
| 1:59 | Crear | Villager (Male) |
| 2:12 | Crear | Villager (Male) |
| 2:35 | Crear | Villager (Male) |
| 2:36 | Crear | Villager (Male) |
| 3:07 | Crear | Villager (Male) |
| 3:08 | Crear | Villager (Male) |
| 3:08 | Crear | Villager (Male) |
| 3:24 | Construir | House |
| 3:26 | Construir | House |
| 3:28 | Construir | House |
| 3:34 | Crear | Villager (Male) |
| 3:35 | Crear | Villager (Male) |
| 4:05 | Crear | Villager (Male) |
| 4:05 | Crear | Villager (Male) |
| 4:28 | Construir | Mill |
| 4:36 | Crear | Villager (Male) |
| 4:37 | Crear | Villager (Male) |
| 5:05 | Crear | Villager (Male) |
| 5:06 | Crear | Villager (Male) |
| 5:37 | Crear | Villager (Male) |
| 5:37 | Crear | Villager (Male) |
| 5:37 | Crear | Villager (Male) |
| 6:03 | Construir | Mill |
| 6:13 | Crear | Villager (Male) |
| 6:44 | Construir | Mining Camp |
| 6:49 | Crear | Villager (Male) |
| 7:46 | Crear | Villager (Male) |
| 8:20 | Crear | Villager (Male) |
| 8:45 | Crear | Villager (Male) |
| 8:45 | Crear | Villager (Male) |
| 8:48 | Construir | Farm |
| 9:13 | Construir | Farm |
| 9:30 | Investigar | Feudal Age |
| 9:39 | Construir | Farm |
| 10:40 | Crear | Villager (Male) |
| 10:41 | Crear | Villager (Male) |
| 11:16 | Construir | Farm |
| 11:18 | Construir | Farm |
| 11:46 | Edad | Edad Feudal |
| 11:48 | Construir | Market |
| 11:50 | Construir | Blacksmith |
| 12:38 | Investigar | Castle Age |
| 12:38 | Investigar | Castle Age |
| 12:50 | Construir | Lumber Camp |
| 12:54 | Investigar | Double-Bit Axe |
| 13:03 | Construir | House |
| 13:08 | Construir | House |
| 13:11 | Investigar | Horse Collar |
| 13:11 | Investigar | Horse Collar |
| 14:49 | Crear | Villager (Male) |
| 14:49 | Crear | Villager (Male) |
| 15:18 | Edad | Edad de los Castillos |
| 15:19 | Crear | Villager (Male) |
| 15:22 | Construir | Town Center |
| 15:27 | Construir | Town Center |
| 15:30 | Construir | Farm |
| 15:37 | Construir | Farm |
| 15:41 | Construir | Monastery |
| 15:43 | Crear | Villager (Male) |
| 15:49 | Investigar | Wheelbarrow |
| 15:56 | Construir | Farm |
| 15:57 | Construir | Farm |
| 16:00 | Construir | Farm |
| 16:01 | Construir | Farm |
| 16:04 | Crear | Villager (Male) |
| 16:19 | Crear | Villager (Male) |
| 16:25 | Construir | House |
| 16:26 | Crear | Monk |
| 16:27 | Crear | Monk |
| 16:30 | Construir | House |
| 16:31 | Construir | House |
| 16:32 | Construir | House |
| 16:35 | Construir | House |
| 16:38 | Crear | Villager (Male) |
| 16:40 | Construir | Farm |
| 16:44 | Crear | Villager (Male) |
| 16:44 | Crear | Villager (Male) |
| 16:49 | Crear | Villager (Male) ×2 |
| 16:50 | Crear | Villager (Male) ×2 |
| 17:09 | Construir | House |
| 17:13 | Construir | Farm |
| 17:13 | Crear | Villager (Male) ×2 |
| 17:14 | Crear | Villager (Male) ×2 |
| 17:31 | Construir | Building 487 |
| 17:37 | Construir | Palisade Wall |
| 17:42 | Construir | Building 665 |
| 17:44 | Crear | Villager (Male) ×2 |
| 17:47 | Crear | Monk |
| 17:53 | Crear | Villager (Male) |
| 17:53 | Crear | Villager (Male) |
| 17:58 | Construir | House |
| 18:15 | Crear | Villager (Male) ×2 |
| 18:31 | Construir | Siege Workshop |
| 18:37 | Crear | Villager (Male) |
| 18:37 | Crear | Villager (Male) |
| 18:57 | Crear | Villager (Male) |
| 18:58 | Crear | Villager (Male) |
| 19:00 | Construir | Farm |
| 19:14 | Construir | Farm |
| 19:15 | Crear | Villager (Male) |
| 19:27 | Crear | Villager (Male) |
| 19:33 | Crear | Mangonel |
| 19:36 | Crear | Villager (Male) |
| 19:39 | Construir | Farm |
| 19:46 | Construir | Farm |
| 19:55 | Crear | Villager (Male) ×2 |
| 20:06 | Construir | House |
| 20:08 | Construir | House |
| 20:12 | Crear | Villager (Male) |
| 20:12 | Crear | Villager (Male) |
| 20:16 | Crear | Villager (Male) ×3 |
| 20:38 | Crear | Villager (Male) ×2 |
| 20:43 | Construir | House |
| 20:49 | Crear | Villager (Male) |
| 21:09 | Crear | Villager (Male) ×2 |
| 21:21 | Crear | Villager (Male) ×2 |
| 21:26 | Construir | Mill |
| 21:26 | Construir | Farm |
| 21:27 | Construir | Farm |
| 21:27 | Construir | Farm |
| 21:27 | Construir | Farm |
| 21:27 | Construir | Farm |
| 21:28 | Construir | Farm |
| 21:28 | Construir | Farm |
| 21:28 | Construir | Farm |
| 21:28 | Construir | Farm |
| 21:29 | Construir | Farm |
| 21:56 | Crear | Villager (Male) ×3 |
| 22:17 | Construir | Castle |
| 22:27 | Crear | Villager (Male) ×3 |
| 22:32 | Crear | Villager (Male) ×5 |
| 22:46 | Crear | Villager (Male) ×3 |
| 22:49 | Investigar | Loom |
| 22:49 | Investigar | Loom |
| 23:13 | Construir | Farm |
| 23:13 | Construir | Farm |
| 23:13 | Construir | Farm |
| 23:14 | Construir | Farm |
| 23:14 | Construir | Farm |
| 23:14 | Construir | Farm |
| 23:57 | Crear | Villager (Male) |
| 24:08 | Construir | Mining Camp |
| 24:10 | Construir | House |
| 24:14 | Crear | Villager (Male) |
Cronología de la partida
| 6:58 | Dr Janemba · wall_segment Palisade Wall x9 |
| 7:44 | Thundernips, The Ultimate Gigolo · first_building Barracks |
| 8:50 | Thundernips, The Ultimate Gigolo · age_up feudal |
| 9:02 | Thundernips, The Ultimate Gigolo · first_building Archery Range |
| 9:32 | Chechelino · first_building Barracks |
| 10:14 | RománMás3 · wall_segment Palisade Wall x6 |
| 10:27 | RománMás3 · wall_segment Palisade Wall x1 |
| 10:28 | RománMás3 · wall_segment Palisade Wall x1 |
| 10:41 | RománMás3 · wall_segment Palisade Wall x3 |
| 10:46 | RománMás3 · wall_segment Palisade Wall x4 |
| 10:58 | Chechelino · age_up feudal |
| 10:59 | Chechelino · first_building Stable |
| 11:01 | VELEZ Y VINO · age_up feudal |
| 11:15 | Aldeana Hot · first_building Barracks |
| 11:22 | Aldeana Hot · age_up feudal |
| 11:38 | S2. Sheypii · age_up feudal |
| 11:46 | [KOF] Raychu · age_up feudal |
| 11:55 | RománMás3 · age_up feudal |
| 12:01 | Dr Janemba · first_market_buy 100 food |
| 12:04 | VELEZ Y VINO · first_market_sell 100 wood |
| 12:09 | Chechelino · first_market_sell 100 wood |
| 12:12 | Aldeana Hot · first_building Stable |
| 12:25 | Chechelino · first_market_buy 100 food |
| 12:44 | S2. Sheypii · first_market_sell 100 wood |
| 12:45 | S2. Sheypii · first_market_buy 100 food |
| 13:40 | RománMás3 · wall_segment Palisade Wall x3 |
| 13:45 | RománMás3 · wall_segment Palisade Wall x4 |
| 14:12 | S2. Sheypii · first_building Barracks |
| 14:44 | VELEZ Y VINO · age_up castle |
| 14:47 | RománMás3 · wall_segment Stone Wall x1 |
| 14:50 | RománMás3 · wall_segment Stone Wall x3 |
| 14:50 | VELEZ Y VINO · first_building Castle |
| 14:51 | Dr Janemba · first_building Barracks |
| 15:05 | Chechelino · age_up castle |
| 15:06 | Chechelino · first_building Monastery |
| 15:18 | [KOF] Raychu · age_up castle |
| 15:26 | RománMás3 · age_up castle |
| 15:31 | Dr Janemba · first_building Siege Workshop |
| 15:41 | [KOF] Raychu · first_building Monastery |
| 15:44 | S2. Sheypii · age_up castle |
| 15:52 | Aldeana Hot · age_up castle |
| 15:56 | Aldeana Hot · first_building Monastery |
| 16:00 | S2. Sheypii · first_building Stable |
| 16:46 | Aldeana Hot · first_market_buy 100 stone |
| 16:48 | [KOF] Raychu · first_market_sell 500 wood |
| 16:49 | [KOF] Raychu · first_market_buy 100 food |
| 17:05 | Thundernips, The Ultimate Gigolo · wall_segment Stone Wall x2 |
| 17:09 | Thundernips, The Ultimate Gigolo · wall_segment Stone Wall x1 |
| 17:13 | Thundernips, The Ultimate Gigolo · wall_segment Stone Wall x1 |
| 17:15 | Thundernips, The Ultimate Gigolo · wall_segment Stone Wall x1 |
| 17:15 | RománMás3 · first_building Castle |
| 17:37 | [KOF] Raychu · wall_segment Palisade Wall x6 |
| 17:53 | VELEZ Y VINO · first_building Siege Workshop |
| 18:31 | [KOF] Raychu · first_building Siege Workshop |
| 20:06 | RománMás3 · first_market_buy 100 wood |
| 20:12 | Thundernips, The Ultimate Gigolo · wall_segment Stone Wall x22 |
| 20:17 | RománMás3 · first_building Siege Workshop |
| 20:58 | Thundernips, The Ultimate Gigolo · wall_segment Stone Wall x9 |
| 22:11 | Dr Janemba · wall_segment Palisade Wall x1 |
| 22:17 | [KOF] Raychu · first_building Castle |
| 23:12 | RománMás3 · first_building Barracks |
| 23:35 | S2. Sheypii · first_building Siege Workshop |
| 24:17 | Thundernips, The Ultimate Gigolo · age_up castle |
| 24:29 | Dr Janemba · first_building Monastery |
| 24:47 | Dr Janemba · first_market_sell 100 stone |
| 25:13 | [KOF] Raychu · first_building Barracks |
| 26:31 | VELEZ Y VINO · first_building Barracks |
| 26:51 | Aldeana Hot · first_building Siege Workshop |
| 27:11 | Aldeana Hot · first_building Castle |
| 27:34 | VELEZ Y VINO · first_building Archery Range |
| 28:13 | [KOF] Raychu · age_up imperial |
| 28:14 | Aldeana Hot · wall_segment Stone Wall x1 |
| 28:39 | Thundernips, The Ultimate Gigolo · first_market_sell 100 food |
| 28:45 | VELEZ Y VINO · age_up imperial |
| 28:49 | Thundernips, The Ultimate Gigolo · first_building Monastery |
| 28:56 | Chechelino · first_building Castle |
| 29:02 | Aldeana Hot · first_building Archery Range |
| 29:51 | Aldeana Hot · age_up imperial |
| 30:28 | Chechelino · age_up imperial |
| 32:50 | Thundernips, The Ultimate Gigolo · age_up imperial |
| 33:53 | [KOF] Raychu · first_building Archery Range |
| 34:58 | Thundernips, The Ultimate Gigolo · first_building Castle |
| 35:25 | Dr Janemba · wall_segment Stone Wall x1 |
| 35:43 | RománMás3 · age_up imperial |
| 36:08 | RománMás3 · first_market_sell 100 food |
| 37:16 | S2. Sheypii · first_building Monastery |
| 38:49 | [KOF] Raychu · resign |
[ ANÁLISIS IA · 1 CRÉDITO ]
¿Qué pasó realmente en esta partida?
Wolo.gg analiza cada decisión: build order, eco, micro, errores típicos por bracket. Análisis personalizado por WhatsApp o Discord en 30 segundos.
Guía civ
Bizantinos
Perfil
Jugador #9298516